 Dungeon Crawl Stone Soup version 0.28-a0-726-g4a9143789a (webtiles) character file.

Game seed: 10497032374005595147

37 cheechan the Chopper (level 3, -6/34 HPs)
             Began as a Naga Chaos Knight on Oct 27, 2021.
             Was a Plaything of Xom.
             Mangled by a gnoll (10 damage)
             ... on level 2 of the Dungeon.
             The game lasted 00:05:08 (876 turns).

cheechan the Chopper (Naga Chaos Knight)             Turns: 876, Time: 00:05:09

Health: -6/34      AC:  5    Str: 15    XL:     3   Next: 41%
Magic:  3/3        EV:  8    Int: 12    God:    Xom [.....*]
Gold:   22         SH:  3    Dex: 10    Spells: 2/2 levels left

rFire   . . .      SeeInvis +   a - +0 hand axe (chaos)
rCold   . . .      Faith    .   i - +0 buckler
rNeg    . . .      Spirit   .   b - +2 leather armour
rPois   +          Reflect  .   e - +0 helmet
rElec   .          Harm     .   (no cloak)
rCorr   .          Rampage  .   (no gloves)
Will    .....                   (no barding)
Stlth   +.........              (no amulet)
HPRegen 0.11/turn               (no ring)
MPRegen 0.08/turn               (no ring)

@: very slow
A: AC +1, large, see invisible, deformed body, poison resistance, slowness 2,
spit poison 1, naga tail 1
a: Spit Poison, Renounce Religion


You were on level 2 of the Dungeon.
You worshipped Xom.
You were Xom's teddy bear.
You visited 1 branch of the dungeon, and saw 2 of its levels.

You collected 22 gold pieces.

Inventory:

Hand Weapons
 a - a +0 hand axe of chaos (weapon)
 c - a +0 hand axe
 h - a +0 vorpal mace
Missiles
 d - 20 arrows
 f - 34 sling bullets
Armour
 b - a +2 leather armour (worn)
 e - a +0 helmet (worn)
 i - a +0 buckler (worn)
Scrolls
 g - a scroll of enchant weapon {unknown}


   Skills:
 + Level 3.5 Fighting
 + Level 3.8 Axes
 + Level 1.6 Armour
 + Level 1.0 Dodging


You had 2 spell levels left.
You didn't know any spells.
Your spell library contained the following spells:

 Spells                   Type           Power      Damage    Failure   Level
 Magic Dart               Conj           0%         1d3       56%         1
 Searing Ray              Conj           0%         2d4       71%         2
 Fulminant Prism          Conj/Hex       0%         3d6       100%        4


Dungeon Overview and Level Annotations

Branches:
Dungeon (2/15)

Altars:


Innate Abilities, Weirdness & Mutations

Your serpentine skin is tough. (AC +1)
You have supernaturally acute eyesight. (SInv)
Armour fits poorly on your strangely shaped body.
Your system is resistant to poisons. (rPois)
You cover ground very slowly.
You can spit poison.
You have a snake-like lower body.


Message History

Aim: a goblin, wielding a +0 dagger of flaming The splash of poison hits the goblin.
You kill the goblin!
Unknown command.
You closely miss the gnoll. The gnoll barely misses you.
You hit the gnoll.
The gnoll is poisoned.
The gnoll is lightly wounded.
The gnoll closely misses you. The gnoll hits you with a +0 flail!
The gnoll barely misses you.
You barely miss the gnoll.
The gnoll is moderately wounded.
You have got your breath back.
Xom complains about the scenery.
The gnoll hits you but does no damage.
The gnoll hits you from afar with a +0 spear.
The gnoll barely misses you.
You hit the gnoll but do no damage.
The gnoll looks as sick as possible!
The gnoll is heavily wounded.
The gnoll hits you from afar with a +0 spear.
The gnoll barely misses you.
You hit the gnoll but do no damage.
The gnoll is almost dead.
The gnoll hits you but does no damage. The gnoll barely misses you.
You completely miss the gnoll.
The gnoll is almost dead.
You kill the gnoll!
The gnoll hits you from afar with a +0 spear!
* * * LOW HITPOINT WARNING * * *
The gnoll closely misses you.
The gnoll hits you from afar with a +0 halberd.
* * * LOW HITPOINT WARNING * * *
The gnoll barely misses you. x2
Things that are here:
a +0 flail; a +0 dagger of flaming; a gnoll corpse You hit the gnoll.
The gnoll is poisoned.
The gnoll is lightly wounded.
The gnoll barely misses you.
The gnoll hits you from afar with a +0 halberd!
You die...
Xom roars with laughter!

#.# #.#
... #b#
..# #b#
#.# #.#
#@#
#.#+##g#
#.....g#
#......#
........#
###+#####


You could see 2 gnolls.

Vanquished Creatures
  A gnoll (D:2)
  5 ball pythons (D:1)
  An endoplasm (D:1)
  A giant cockroach (D:1)
  6 goblins
  4 hobgoblins (D:1)
  5 bats (D:1)
  4 frilled lizards (D:1)
  A kobold (D:1)
  4 toadstools (D:1)
32 creatures vanquished.

Notes
Turn   | Place    | Note
-------+----------+-------------------------------------------
     0 | D:1      | cheechan the Naga Chaos Knight began the quest for the Orb.
     0 | D:1      | Reached XP level 1. HP: 21/21 MP: 1/1
   173 | D:1      | Reached XP level 2. HP: 28/28 MP: 2/2
   391 | D:1      | Reached skill level 1 in Dodging
   678 | D:1      | Reached XP level 3. HP: 24/34 MP: 3/3
   871 | D:2      | XOM: scenery: summon butterflies
   876 | D:2      | Mangled by a gnoll

Illustrated notes

Levels and vault maps discovered:
D:1:      ldierk_water_garden, layout_loops_corners, minmay_domino_4
D:2:      minmay_door_path, layout_basic, basic_altar, minmay_vboxes

Skill      XL: |  1  2 |
---------------+-------+-----
Dodging        | 1 |  1.0
Fighting       | |  3.5
Axes           | |  3.8
Armour         | |  1.6

Action                   || total
-------------------------++-------
Melee: Hand axe          ||    89
 Abil: Spit Poison       ||     4
Armor: Leather armour    ||    64
Dodge: Dodged            ||    62
Block: Buckler           ||     7

Table legend: (Time is in decaauts)
 A = Elapsed time spent in this place.
 B = Non-inter-level travel time spent in this place.
 C = Inter-level travel time spent in this place.
 D = Time resting spent in this place.
 E = Time spent auto-exploring this place.
 F = Levels seen in this place.
 G = Mean time per level.
                   A        B        C        D        E       F      G
               +--------+--------+--------+--------+--------+-----+--------+
         Total |   1190 |   1190 |      0 |      0 |      0 |   2 |  595.0 |
       Dungeon |   1190 |   1190 |      0 |      0 |      0 |   2 |  595.0 |
               +--------+--------+--------+--------+--------+-----+--------+

Top non-repeatable levels by time:
     D:1: 1175 daAuts
     D:2: 14 daAuts
